 Dungeon Crawl Stone Soup version 0.20.0-10-g0535bb4 (webtiles) character file.

441 Kriby the Chopper (level 7, -7/63 HPs)
             Began as a Hill Orc Fighter on June 5, 2017.
             Mangled by 2d6's ghost (10 damage)
             ... on level 3 of the Dungeon.
             The game lasted 00:01:49 (1724 turns).

Kriby the Chopper (Hill Orc Fighter)                Turns: 1724, Time: 00:01:49

Health: -7/63      AC:  9    Str: 21    XL:     7   Next: 2%
Magic:  7/7        EV:  7    Int:  8    God:
Gold:   65         SH:  0    Dex: 10    Spells: 6/6 levels left

rFire    . . .     SeeInvis .   d - +4 scythe
rCold    . . .     Gourm    .   (shield currently unavailable)
rNeg     . . .     Faith    .   n - +0 chain mail
rPois    +         Spirit   .   (no helmet)
rElec    .         Reflect  .   (no cloak)
rCorr    .         Harm     .   (no gloves)
MR       .....                  (no boots)
Stlth    ..........             (no amulet)
Regen    0.2/turn               o - ring of poison resistance
MPRegen  0.1/turn               (no ring)

@: flying
A: no striking features
a: no special abilities


You were on level 3 of the Dungeon.
You were not hungry.

You visited 1 branch of the dungeon, and saw 3 of its levels.

You collected 65 gold pieces.

Inventory:

Hand Weapons
 a - a +0 war axe
 d - a +4 scythe (weapon)
Armour
 b - a +0 scale mail
 c - a +0 shield
 n - a +0 chain mail (worn)
Jewellery
 o - a ring of poison resistance (left hand)
Scrolls
 j - 2 scrolls of identify
 l - 2 scrolls of blinking
Potions
 e - 2 potions of lignification {unknown}
 k - 2 potions of flight
 m - a potion of haste {unknown}
Comestibles
 f - a bread ration
 g - a chunk of flesh
 i - 3 meat rations


   Skills:
 + Level 6.1 Fighting
 * Level 7.8 Axes
 - Level 3.2 Armour
 - Level 3.2 Shields


You had 6 spell levels left.
You didn't know any spells.

Dungeon Overview and Level Annotations

Branches:
Dungeon (3/15)

Altars:

Annotations:
D:3 2d6's ghost, amateur FoFi


Message History

2d6's ghost is nearby!
You are too injured to fight recklessly! 2d6's ghost is nearby!
It was a potion of flight.
You feel very buoyant.
You fly up into the air. 2d6's ghost hits you but does no damage.
You slash 2d6's ghost! 2d6's ghost is almost destroyed. 2d6's ghost hits you!
* * * LOW HITPOINT WARNING * * *
2d6's ghost hits you!
* * * LOW HITPOINT WARNING * * *
Attack whom?
Press: ? - help, Dir - move target cursor, f - 2d6's ghost
Aim: 2d6's ghost (almost destroyed)
You reach to attack!
You closely miss 2d6's ghost. 2d6's ghost is almost destroyed. 2d6's ghost hits you!
You die...

#.... #.# #####.... #.#
######........ #.#
#..........##. #.#
#..........##.
######.###..........##.
#...................#..
#.................#####
#.....@..........#.###.
#...%!W..........##.#.#
#..............####...#
######.######..........
#.# ###.#####...# #.#
#.....###.#.# #.#
#......#.###. #.#
#.......##### ...
#..........(.


You could see 2d6's ghost.

Vanquished Creatures
  Grinder (D:3)
  Sigmund (D:2)
  2 adders (D:2)
  3 dart slugs
  3 leopard geckos (D:2)
  7 giant cockroaches
  4 goblins
  9 hobgoblins
  4 jackals (D:2)
  A ball python (D:2)
  5 bats
  2 frilled lizards (D:2)
  2 kobolds
  2 rats
46 creatures vanquished.

Notes
Turn   | Place    | Note
-------+----------+-------------------------------------------
     0 | D:1      | Kriby the Hill Orc Fighter began the quest for the Orb.
     0 | D:1      | Reached XP level 1. HP: 19/19 MP: 1/1
   148 | D:1      | Reached skill level 3 in Axes
   183 | D:1      | Reached XP level 2. HP: 27/27 MP: 2/2
   581 | D:2      | Reached skill level 4 in Axes
   581 | D:2      | Reached XP level 3. HP: 8/33 MP: 3/3
   762 | D:2      | Noticed Sigmund
   771 | D:2      | Killed Sigmund
   771 | D:2      | Reached skill level 5 in Fighting
   771 | D:2      | Reached skill level 6 in Axes
   771 | D:2      | Reached XP level 4. HP: 18/42 MP: 4/4
   771 | D:2      | Reached XP level 5. HP: 21/48 MP: 5/5
  1118 | D:2      | Reached XP level 6. HP: 53/56 MP: 6/6
  1699 | D:3      | Noticed Grinder
  1706 | D:3      | Killed Grinder
  1706 | D:3      | Reached skill level 7 in Axes
  1706 | D:3      | Reached XP level 7. HP: 49/63 MP: 7/7
  1712 | D:3      | Noticed 2d6's ghost (amateur FoFi)
  1719 | D:3      | HP: 2/63 [2d6's ghost (8)]
  1724 | D:3      | Mangled by 2d6's ghost

Skill      XL: |  1  2  3  4  5  6 |
---------------+-------------------+-----
Axes           | 3 4 6 7 |  7.8
Fighting       | 4 5 6 |  6.1
Armour         | |  3.2
Shields        | |  3.2

Action                   |  1- 3 |  4- 6 |  7- 9 || total
-------------------------+-------+-------+-------++-------
Melee: War axe           |    72 |     2 |       ||    74
       Scythe            |       |    55 |     5 ||    60
  Use: Potion            |     3 |       |     1 ||     4
       Scroll            |       |     3 |       ||     3
  Eat: Chunk             |       |     3 |       ||     3
Armor: Scale mail        |     3 |       |       ||     3
       Chain mail        |    38 |    47 |     2 ||    87
Dodge: Dodged            |    12 |    33 |       ||    45
Block: Shield            |    33 |       |       ||    33
